Unix NetHack Version 5.0.0-0 post-release - last build May 10 2026 23:12:36 (d1fa5d53e341ca933230fdaa984d921c805b60aa,branch:main).

Game began 2026-05-11 04:29:55, ended 2026-05-11 04:56:14.

246786432, chaotic female human Barbarian

                                                        -------------
                                                       #-...........|
              |                                        #|.'@..<.....|
              |..%.                  %##% #%##        ##|...........|
              |                  -------------         #|...........|
                                 |C.........C|         #|...........|
                                 |.....C.....|  ########-------------
                                 |...--.--...| ##
                                 |...|...|...| #
                                 |..%|{.{|C..| #
                                 |...|.{.|...| #
                                 |...-----...|##
                                 |.....C.....|#
                                 |C.........C.#
                                 -------------

246786432 the Pillager     St:18/03 Dx:16 Co:18 In:7 Wi:7 Ch:7  Chaotic
Dlvl:6  $:36 HP:0(55) Pw:12(12) AC:8  Xp:5 T:1868 

Latest messages:
 You finish eating the brown mold corpse.
 You feel full of hot air.
 You see here a sapphire ring.
 z - a sapphire ring.
 You are carrying too much to get through.
 You are carrying too much to get through.
 You descend the stairs.
 Wait!  There's something there you can't see!
 It explodes!
 You are caught in a blast of kaleidoscopic light!
 You are freaked out.
 You see here a statue of a mountain centaur.
 You see here a statue of a mountain centaur.
 You see here a statue of a mountain centaur.
 There is a statue of a mountain centaur here, but you cannot lift any more.
 You see here a statue of a forest centaur.
 You see here a statue of a forest centaur.
 You see here a statue of a plains centaur.
 You see here a statue of a forest centaur.
 You see here a statue of a mountain centaur.
 "Hello, 246786432, welcome to Delphi!"
 You miss the couatl.
 The hill giant gets angry!
 You are hit by magic missiles appearing from thin air!
 You see here a statue of a mountain centaur.
 Everything looks SO boring now.
 You see here a statue of a mountain centaur.
 The rope golem hits!
 The rope golem hits again!
 The rope golem grabs you!
 You cannot escape from the rope golem!
 You cannot escape from the rope golem!
 You cannot escape from the rope golem!
 You cannot escape from the rope golem!
 The rope golem hits!
 The rope golem hits again!
 You are being choked.
 You cannot escape from the rope golem!
 The rope golem hits!
 The rope golem hits again!
 You are being choked.
 You cannot escape from the rope golem!
 The rope golem hits!
 The rope golem hits again!
 You die...
 Do you want your possessions identified? [ynq] (y) y
 Do you want to see your attributes? [ynq] (y) y
 Do you want an account of creatures vanquished? [ynaq] (y) y
 Do you want to see your conduct and achievements? [ynq] (y) y
 Do you want to see the dungeon overview? [ynq] (y) y

Inventory:
 Coins    ('$')
  $ - 36 gold pieces
 Weapons  (')')
  b - a +0 axe
  i - a +0 club
  u - a blessed +1 dwarvish mattock
  v - a +0 dwarvish short sword
  o - a +0 scimitar
  a - a +0 two-handed sword (weapon in hands)
 Armor    ('[')
  w - an uncursed +0 dwarvish iron helm
  p - an uncursed +0 orcish helm
  t - an uncursed +0 orcish helm
  c - an uncursed rusty +0 ring mail (being worn)
 Comestibles  ('%')
  f - a cursed clove of garlic
  d - 2 uncursed food rations
  e - an uncursed tin of broiled lichen
  h - an uncursed lichen corpse
 Scrolls  ('?')
  x - an uncursed scroll of destroy armor
  l - an uncursed scroll of enchant weapon
 Potions  ('!')
  s - a blessed potion of booze
  r - an uncursed potion of gain ability
  y - a blessed potion of oil
  n - an uncursed potion of water
 Rings    ('=')
  z - an uncursed -2 ring of increase accuracy
  k - an uncursed ring of warning
 Wands    ('/')
  g - a wand of fire (0:4)
  q - a wand of undead turning (0:5)

246786432 the Barbarian's attributes:

Background:
 You were a Pillager, a level 5 female human Barbarian.
 You were chaotic, on a mission for Set
 who was opposed by Mitra (lawful) and Crom (neutral).
 You were right-handed.
 You were in the Dungeons of Doom, on level 6.
 You entered the dungeon 1868 turns ago.
 It was nighttime.
 You had 179 experience points, 141 more were needed to attain level 6.

Basics:
 You had 0 out of 55 hit points.
 You had all 12 energy points (spell power).
 Your armor class was 8.
 Your wallet contained 36 zorkmids.
 Autopickup was off.

Final Characteristics:
 Your strength was 18/03 (limit:18/100).
 Your dexterity was 16 (limit:18).
 Your constitution was 18 (limit:18).
 Your intelligence was 7 (limit:18).
 Your wisdom was 7 (limit:18).
 Your charisma was 7 (limit:18).

Final Status:
 You were held by a rope golem (west).
 You weren't hungry.
 You were unencumbered.
 You were wielding a two-handed sword.
 You had basic skill with two-handed sword.

Final Attributes:
 You were devoutly aligned.
 You were cold resistant.
 You were poison resistant.
 You aggravated monsters.
 You were warded.
 You are dead.

Miscellaneous:
 You encountered 1 bones level.
 Total elapsed playing time was 26 minutes and 17 seconds.

Major events:
 Turn
    1: 246786432 the chaotic female human Barbarian entered the dungeon
  518: attained the rank of Pillager (level 3)
 1868: killed by a rope golem

You didn't know any spells.

Skills:
 Fighting Skills
   bare handed combat [Basic]
   two weapon combat  [Unskilled]
   riding             [Unskilled]
 Weapon Skills
   dagger             [Unskilled]
   axe                [Basic]
   pick-axe           [Unskilled]
   short sword        [Unskilled]
   broadsword         [Unskilled]
   long sword         [Unskilled]
   two-handed sword   [Basic]
   saber              [Unskilled]
   club               [Unskilled]
   mace               [Unskilled]
   morning star       [Unskilled]
   flail              [Unskilled]
   hammer             [Unskilled]
   quarterstaff       [Unskilled]
   spear              [Unskilled]
   trident            [Unskilled]
   bow                [Unskilled]
 Spellcasting Skills
   attack spells      [Unskilled]
   escape spells      [Unskilled]

Voluntary challenges:
 Character rerolling was not enabled.
 You were illiterate.
 You never genocided any monsters.
 You never polymorphed an object.
 You never changed form.
 You used no wishes.
Achievements:
 You attained the rank of Pillager.
 You entered a shop.

 The Dungeons of Doom: levels 1 to 6
    Level 1:
       A fountain.
    Level 2:
       A fountain.
    Level 3:
       A general store, a fountain.
    Level 4:
    Level 5:
       A grave.
    Level 6: <- You were here.
       Many fountains.
       Oracle of Delphi.
       Final resting place for
          you, killed by a rope golem,
          Kolin-Val-Dwa-Fem-Law, killed by a rope golem.


Vanquished creatures:
  a black light
  a rock piercer
  a rock mole
  3 fog clouds
  a dwarf
  a kobold leader
  2 giant bats
 an acid blob
  3 hobgoblins
  a brown mold
  a yellow mold
  a gecko
  3 jackals
  2 kobolds
  4 grid bugs
  2 lichens
  a kobold zombie
  9 newts
38 creatures vanquished.

No species were genocided or became extinct.

Game over:
                       ----------
                      /          \
                     /    REST    \
                    /      IN      \
                   /     PEACE      \
                  /                  \
                  |    246786432     |
                  |      36 Au       |
                  | killed by a rope |
                  |      golem       |
                  |                  |
                  |                  |
                  |       2026       |
                 *|     *  *  *      | *
        _________)/\\_//(\/(/\)/\//\/|_)_______

Goodbye 246786432 the Barbarian...

You died in The Dungeons of Doom on dungeon level 6 with 999 points,
and 36 pieces of gold, after 1868 moves.
You were level 5 with a maximum of 55 hit points when you died.

